 Dungeon Crawl Stone Soup version 0.31-a0-854-g362426d53f (webtiles) character file.

Game seed: 2009098509723268231

1072 Azuregosa the Covert (level 8, 0/56 HPs)
             Began as an Octopode Delver on Oct 8, 2023.
             Was a Priest of Cheibriados.
             Splashed by a jelly's acid (8 damage)
             ... on level 6 of the Dungeon.
             The game lasted 00:15:49 (2666 turns).

Azuregosa the Covert (Octopode Delver)              Turns: 2666, Time: 00:15:53

Health: 0/56       AC: -11   Str: 30    XL:     8   Next: 28%
Magic:  8/8        EV: 16    Int: 18    God:    Cheibriados [***...]
Gold:   240        SH:  0    Dex: 20    Spells: 7/7 levels left

rFire   . . .        a - +0 falchion
rCold   . . .        g - orb {light}
rNeg    . . .        (helmet restricted)
rPois   +            l - amulet of regeneration
rElec   .            j - +6 ring of strength
rCorr   .            v - ring of poison resistance
SInv    .            (no ring)
Will    +....        (no ring)
Stlth   ++           (no ring)
HPRegen 1.09/turn    (no ring)
MPRegen 0.11/turn    (no ring)
                     (no ring)

%: no passive effects
@: corroded, attractive, enlightened, flying, glowing, very slow
A: almost no armour, amphibious, 8 rings, camouflage 1, gelatinous body 1,
(nimble swimmer 1), tentacles, beak, strong 1
a: Renounce Religion, Bend Time, Temporal Distortion


You were on level 6 of the Dungeon.
You worshipped Cheibriados.
Cheibriados was most pleased with you.
You visited 1 branch of the dungeon, and saw 6 of its levels.

You collected 240 gold pieces.

Inventory:

Hand Weapons
 a - a +0 falchion (weapon)
Missiles
 k - 10 poisoned darts
 m - a throwing net
Armour
 g - an orb of light (worn)
Magical Staves
 w - a staff of cold
Jewellery
 j - a +6 ring of strength (left tentacle)
 l - an amulet of regeneration (around mantle)
 v - a ring of poison resistance (right tentacle)
 A - a ring of protection from fire
Wands
 f - a wand of digging (3)
 r - a wand of paralysis (8)
Scrolls
 b - 2 scrolls of fog
 c - a scroll of revelation
 d - a scroll of fear
 h - 2 scrolls of amnesia {unknown}
 i - 4 scrolls of identify {unknown}
 n - a scroll of brand weapon {unknown}
 q - a scroll of acquirement {unknown}
 t - 4 scrolls of enchant weapon {unknown}
 y - a scroll of poison {unknown}
Potions
 e - a potion of haste
 o - 2 potions of attraction
 s - a potion of enlightenment
 u - a potion of magic {unknown}
 x - a potion of brilliance {unknown}
 z - a potion of degeneration {unknown}
 B - a potion of curing {unknown}


   Skills:
 + Level 5.5 Fighting
 + Level 5.1 Long Blades
 + Level 5.0 Dodging
 + Level 9.5 Stealth


You had 7 spell levels left.
You didn't know any spells.
Your spell library contained the following spells:

 Spells                   Type           Power      Damage    Failure   Level
 Magic Dart               Conj           0%         1d3       22%         1
 Call Imp                 Summ           0%         N/A       32%         2
 Cigotuvi's Dreadful Rot  Necr/Pois/Air  0%         N/A       32%         2
 Gell's Gravitas          Tloc           0%         N/A       54%         3
 Ignite Poison            Fire/Tmut/Pois 0%         N/A       54%         3
 Mephitic Cloud           Conj/Pois/Air  0%         N/A       54%         3
 Teleport Other           Tloc           0%         N/A       54%         3
 Freezing Cloud           Conj/Ice/Air   0%         6-21      99%         5
 Dispersal                Tloc           0%         N/A       100%        6


Dungeon Overview and Level Annotations

Branches:
Dungeon (6/15)             Temple (0/1) D:4

Altars:
Cheibriados
Elyvilon
Kikubaaqudgha
Makhleb
Trog
Yredelemnul
Zin
The Shining One

Shops:
D:1 [:*[(

Annotations:
D:4 2 transporters


Innate Abilities, Weirdness & Mutations

You cannot wear most types of armour.
You are amphibious.
You can wear up to eight rings at the same time.
Your skin changes colour to match your surroundings (Stealth+).
Your rubbery body absorbs attacks. (AC +1, EV +1)
((You are camouflaged when in or above water. (Stealth+)))
You have tentacles for arms and can constrict up to eight enemies at once.
You have a beak for a mouth.
Your muscles are strong. (Str +4, Int/Dex -1)


Message History

The jelly is lightly wounded.
The jelly completely misses you.
The phantom hits something but does no damage.
You hit the jelly.
Your tentacles burn!
You squeeze the jelly.
The jelly is heavily wounded.
The jelly hits you.
You are splashed with acid!
The phantom hits something.
You hit the jelly but do no damage. The acid corrodes you!
Your tentacles burn!
The jelly is heavily wounded.
The jelly hits you.
You are splashed with acid!
* * * LOW HITPOINT WARNING * * *
The phantom hits something but does no damage.
The jelly closely misses you.
It was a potion of attraction.
You feel attractive to monsters. The jelly misses you.
It was a potion of enlightenment.
You feel very buoyant.
You fly up into the air.
The kobold hits something but does no damage.
The jelly closely misses you.
It was a potion of mutation.
You feel extremely strange.
You feel stronger.
Your mouth lengthens and hardens into a beak!
The kobold hits something but does no damage.
The jelly barely misses you.
You see here a +0 flail.
A kobold breaks down the door.
The jelly jiggles.
The jelly misses you.
The kobold throws a poisoned dart.
The poisoned dart barely misses you. The jelly barely misses you.
The phantom is attracted toward you. The kobold is attracted toward you.
Items here: )) [ ††.
The jelly attacks as it pursues you! The jelly hits you.
You are splashed with acid!
* * * LOW HITPOINT WARNING * * *
The kobold misses you. The jelly hits you.
* * * LOW HITPOINT WARNING * * *
The acid corrodes you!
You are splashed with acid!
You die...

#...........
#.##...)....#
#.......###.##
#######K##...#
#....#......#
#.##.###§...#
#.##.# #K#P## ##
#.##.###.#.# ..
#.##..@KW#.# .#
#.#####J.#.#..##.#
#.# #...≈)≈.....#
#.# #..)≈≈≈...#.#
#.# #.........#
#.# #.........#
#<# ##..........
### ####.....###
#######


You could see a phantom, a jelly and a kobold.

Vanquished Creatures
  A centaur (D:6)
  2 ogres (D:5)
  A phantom (D:5)
  Blork the orc (D:4)
  A kobold brigand (D:6)
  A bullfrog (D:6)
  A necrophage (D:4)
  A howler monkey (D:5)
  4 hounds
  An orc priest (D:3)
  A jelly (D:4)
  2 orc wizards
  An iguana (D:5)
  A hound skeleton (D:4)
  A gnoll (D:6)
  7 adders
  An ufetubus (D:6)
  2 worms
  2 dart slugs
  17 orcs
  4 ball pythons
  5 endoplasms
  A giant cockroach (D:1)
  6 goblins
  5 hobgoblins
  2 jackals (D:1)
  8 kobolds
  6 quokkas
  6 bats
  4 frilled lizards
  5 rats
101 creatures vanquished.

Notes
Turn   | Place    | Note
-------+----------+-------------------------------------------
     0 | D:5      | Azuregosa the Octopode Delver began the quest for the Orb.
     0 | D:5      | Reached XP level 1. HP: 16/16 MP: 1/1
    12 | D:5      | Noticed an iguana
    20 | D:5      | Killed an iguana
    21 | D:5      | Reached XP level 2. HP: 21/21 MP: 2/2
    21 | D:5      | Reached XP level 3. HP: 26/26 MP: 3/3
    52 | D:4      | Noticed a scorpion
    52 | D:4      | Found a transporter.
    61 | D:3      | Reached skill level 7 in Stealth
   120 | D:1      | Found Moisch's Book Emporium.
   285 | D:1      | Found Xouheh's Antique Armour Shop.
   300 | D:1      | Found Feic's Assorted Antiques.
   352 | D:1      | Found Niunosi's Antique Armour Boutique.
   359 | D:1      | Reached XP level 4. HP: 31/31 MP: 4/4
   386 | D:1      | Found Toliw's Weapon Shoppe.
   538 | D:2      | Found an ancient bone altar of Kikubaaqudgha.
  1082 | D:3      | Found a faded altar of an unknown god.
  1086 | D:3      | Reached XP level 5. HP: 34/37 MP: 5/5
  1094 | D:3      | Prayed at the altar of an unknown god.
  1094 | D:3      | Became a worshipper of Cheibriados the Contemplative
  1094 | D:3      | Reached * piety under Cheibriados
  1101 | D:3      | Found a faded altar of an unknown god.
  1547 | D:4      | Found a staircase to the Ecumenical Temple.
  1568 | D:4      | Identified the +1 helmet of the Shining Light {Str+5}
  1569 | D:4      | Found a transporter.
  1573 | D:4      | Found a glowing silver altar of Zin.
  1573 | D:4      | Noticed an orc warrior
  1607 | D:4      | Reached ** piety under Cheibriados
  1608 | D:4      | Reached XP level 6. HP: 28/43 MP: 6/6
  1616 | D:4      | Noticed Blork the orc
  1623 | D:4      | Killed Blork the orc
  1624 | D:4      | Reached skill level 8 in Stealth
  1665 | D:4      | Found a burning altar of Makhleb.
  1917 | D:4      | Found a glowing golden altar of the Shining One.
  1923 | D:4      | Found a basalt altar of Yredelemnul.
  2220 | D:4      | Reached XP level 7. HP: 39/49 MP: 7/7
  2442 | D:5      | Reached skill level 5 in Fighting
  2488 | D:5      | Reached *** piety under Cheibriados
  2497 | D:4      | Found a white marble altar of Elyvilon.
  2497 | D:4      | Found a bloodstained altar of Trog.
  2527 | D:5      | Reached skill level 9 in Stealth
  2568 | D:6      | Reached XP level 8. HP: 50/55 MP: 8/8
  2605 | D:6      | Reached skill level 5 in Long Blades
  2657 | D:6      | Reached skill level 5 in Dodging
  2662 | D:6      | Gained mutation: Your muscles are strong. (Str +4, Int/Dex
                  | -1) [potion of mutation]
  2662 | D:6      | Gained mutation: You have a beak for a mouth. [potion of
                  | mutation]
  2666 | D:6      | Splashed by a jelly's acid

Illustrated notes

Levels and vault maps discovered:
D:1:      dpeg_arrival_pits, layout_rooms, serial_shops, shop, shop, shop,
          nicolae_shop_behind_doors, nicolae_shop_tiny_waterfront,
          minmay_tetromino_s2
D:2:      layout_rooms, basic_altar, nicolae_elevator_lobby_asterisk
D:3:      wander_river, layout_rooms,
          hellmonk_ecumenical_altar_the_god_not_taken, minmay_quadrilaterals
D:4:      layout_gridville, makhleb_blood_cavern_becter,
          gammafunk_temple_overflow_arena, nicolae_overflow_hidden_temple,
          minmay_temple_entry_hall, uniq_blork_the_orc
D:5:      layout_basic
D:6:      layout_basic, enter_ossuary_5, grunt_ministairs_9,
          minmay_misc_feat_tiny, kb_lookout_dungeons_type,
          kennysheep_generic_room_5

Skill      XL: |  1  2  3  4  5  6  7  8 |
---------------+-------------------------+-----
Stealth        | 7 8 9 |  9.5
Long Blades    | 3 4 5 |  5.1
Dodging        | 3 4 5 |  5.0
Fighting       | 4 5 |  5.5

Action                     |  1- 3 |  4- 6 |  7- 9 || total
---------------------------+-------+-------+-------++-------
  Melee: Falchion          |    31 |    88 |    75 ||   194
         Constrict         |    11 |    32 |    21 ||    64
         Tentacles         |    11 |    20 |    27 ||    58
         Punch             |     1 |     3 |     4 ||     8
    Use: Potion            |       |       |     3 ||     3
   Stab: Sleeping          |     4 |     7 |       ||    11
 Armour: Skin              |    14 |    36 |    51 ||   101
  Dodge: Dodged            |    22 |    49 |    81 ||   152

Table legend: (Time is in decaauts)
 A = Elapsed time spent in this place.
 B = Non-inter-level travel time spent in this place.
 C = Inter-level travel time spent in this place.
 D = Time resting spent in this place.
 E = Time spent auto-exploring this place.
 F = Levels seen in this place.
 G = Mean time per level.
                   A        B        C        D        E       F      G
               +--------+--------+--------+--------+--------+-----+--------+
         Total |   3299 |   3260 |     39 |      0 |   2115 |   6 |  549.8 |
       Dungeon |   3299 |   3260 |     39 |      0 |   2115 |   6 |  549.8 |
               +--------+--------+--------+--------+--------+-----+--------+

Top non-repeatable levels by time:
     D:4: 1142 daAuts
     D:3: 758 daAuts
     D:2: 505 daAuts
     D:5: 379 daAuts
     D:1: 374 daAuts
     D:6: 138 daAuts
